 Dungeon Crawl Stone Soup version 0.20.0-15-g7f486f2 (webtiles) character file.

109 Sunburn the Ogre Mage (level 4, -1/45 HPs)
             Began as an Ogre Fire Elementalist on June 25, 2017.
             Slain by an adder (2 damage)
             ... on level 5 of the Dungeon.
             The game lasted 00:08:24 (3168 turns).

Sunburn the Ogre Mage (Ogre Fire Elementalist)      Turns: 3168, Time: 00:08:24

Health: -1/45      AC:  3    Str: 12    XL:     4   Next: 90%
Magic:  5/9        EV: 10    Int: 17    God:
Gold:   89         SH:  0    Dex: 14    Spells: 3/9 levels left

rFire    . . .     SeeInvis .   d - +0 spear
rCold    . . .     Gourm    .   (no shield)
rNeg     . . .     Faith    .   a - +0 robe
rPois    .         Spirit   .   (helmet restricted)
rElec    .         Reflect  .   (no cloak)
rCorr    .         Harm     .   (gloves unavailable)
MR       .....                  (boots unavailable)
Stlth    ++........             (no amulet)
Regen    0.2/turn               i - +5 ring of dexterity
MPRegen  0.2/turn               (no ring)

@: no status effects
A: unfitting armour, tough skin 1
a: no special abilities


You were on level 5 of the Dungeon.
You were not hungry.

You visited 1 branch of the dungeon, and saw 5 of its levels.
You also visited: Ossuary.

You collected 89 gold pieces.

Inventory:

Hand Weapons
 d - a +0 spear (weapon)
 l - a +0 whip
Armour
 a - a +0 robe (worn)
Jewellery
 i - a +5 ring of dexterity (left hand)
Books
 b - a book of Flames

   Spells                             Type                      Level
   a - Flame Tongue                   Conjuration/Fire             1
   b - Throw Flame                    Conjuration/Fire             2
   c - Conjure Flame                  Conjuration/Fire             3
   d - Inner Flame                    Hexes/Fire                   3
   e - Sticky Flame                   Conjuration/Fire             4
   f - Fireball                       Conjuration/Fire             5
Comestibles
 c - 2 bread rations
 g - 2 royal jellies
 p - 2 meat rations


   Skills:
 + Level 3.1 Fighting
 - Level 0.4 Polearms
 - Level 1.7 Dodging
 - Level 1.4 Stealth
 * Level 3.4 Spellcasting
 * Level 1.5 Conjurations
 + Level 3.3 Fire Magic


You had 3 spell levels left.
You knew the following spells:

 Your Spells              Type           Power        Failure   Level  Hunger
a - Flame Tongue          Conj/Fire      ##...        6%          1    None
b - Throw Flame           Conj/Fire      ##....       10%         2    ##.....
c - Conjure Flame         Conj/Fire      ##......     19%         3    ###....


Dungeon Overview and Level Annotations

Branches:
Dungeon (5/15)
 Temple: D:4-7

Altars:
Trog

Annotations:
D:4 Grinder


Innate Abilities, Weirdness & Mutations

You are too large for most types of armour.
You have tough skin. (AC +1)


Message History

The adder misses you. The adder bites you but does no damage.
Found 17 gold pieces.
You feel sick.
You are no longer poisoned.
The leopard gecko hisses angrily.
Found a wooden wand.
Found an escape hatch in the floor.
The adder bites you.
* * * LOW HITPOINT WARNING * * *
There is an escape hatch in the floor here.
The adder bites you.
* * * LOW HITPOINT WARNING * * *
You slide downwards.
The hatch slams shut behind you.
A hound comes into view.
The hound barks!
You hear an angry hiss.
Found a stone staircase leading down.
You hit the adder but do no damage. The adder closely misses you.
The hound closely misses you. The adder barely misses you.
You barely miss the adder. The hound bites you but does no damage.
The adder bites you.
You die... .. .. .. .# .# # .# #>#.##.# #...h@S# ###.#### .. ##

You could see a hound and an adder (inner flame).

Vanquished Creatures
  A mummy (Ossuary)
  2 adders (D:2)
  3 worms (D:2)
  A dart slug (D:1)
  3 leopard geckos
  2 orcs
  A giant cockroach (D:1)
  5 goblins
  8 hobgoblins
  7 jackals
  A quokka (D:2)
  3 ball pythons
  8 bats
  7 frilled lizards
  6 kobolds
  5 rats
63 creatures vanquished.

Notes
Turn   | Place    | Note
-------+----------+-------------------------------------------
     0 | D:1      | Sunburn the Ogre Fire Elementalist began the quest for the Orb.
     0 | D:1      | Reached XP level 1. HP: 16/16 MP: 3/3
   242 | D:1      | Reached skill level 1 in Conjurations
   242 | D:1      | Reached XP level 2. HP: 14/26 MP: 1/5
   512 | D:1      | Learned a level 2 spell: Throw Flame
   515 | D:1      | Reached skill level 1 in Fighting
  1117 | D:1      | Reached XP level 3. HP: 25/35 MP: 7/7
  1842 | D:2      | Learned a level 3 spell: Conjure Flame
  1854 | D:2      | Reached XP level 4. HP: 40/42 MP: 8/8
  2189 | D:2      | Found a bloodstained altar of Trog.
  2692 | D:4      | Noticed Grinder
  2698 | D:4      | Found a sand-covered staircase.
  2712 | D:4      | Paralysed by Grinder for 3 turns
  2717 | D:4      | Paralysed by Grinder for 3 turns
  2728 | D:4      | Paralysed by Grinder for 2 turns
  2751 | Ossuary  | Entered an ossuary
  3151 | D:4      | Noticed an ogre
  3165 | D:4      | HP: 1/45 [adder (5)]
  3166 | D:5      | Entered Level 5 of the Dungeon
  3168 | D:5      | Slain by an adder

Skill      XL: |  1  2  3  4 |
---------------+-------------+-----
Conjurations   | 1 |  1.5
Fighting       | 1 2 3 |  3.1
Fire Magic     | 3 |  3.3
Spellcasting   | 3 |  3.4
Polearms       | |  0.4
Dodging        | |  1.7
Stealth        | |  1.4

Action                   |  1- 3 |  4- 6 || total
-------------------------+-------+-------++-------
Melee: Spear             |   181 |   113 ||   294
 Cast: Flame Tongue      |    14 |     5 ||    19
       Throw Flame       |     7 |    16 ||    23
  Use: Scroll            |     4 |     4 ||     8
       Potion            |       |     4 ||     4
 Stab: Sleeping          |     1 |       ||     1
  Eat: Chunk             |     4 |     2 ||     6
       Fruit             |     1 |       ||     1
       Bread ration      |       |     1 ||     1
Armor: Robe              |    58 |    18 ||    76
       Skin              |       |     6 ||     6
Dodge: Dodged            |   111 |    54 ||   165
